[Event "*** Titled Tuesday Blitz"]
[Site "Chess.com"]
[Date "2019.03.05"]
[Round "3"]
[White "OparinGrigoriy"]
[Black "BillForster"]
[Result "1-0"]
[WhiteElo "2967"]
[BlackElo "1719"]
[TimeControl "180+2"]
[EndTime "13:39:03 PST"]
[Termination "OparinGrigoriy won by resignation"]

1. Nf3 d5 2. g3 c6 3. Bg2 Nf6 4. O-O Bg4 5. c4 e6 6. cxd5 exd5 7. d3 Bd6 8. Nc3 O-O 9. e4 Bxf3 10. Bxf3 Re8 11.
Bg2 dxe4 12. dxe4 Na6 13. Re1 Bc5 14. Qe2 Qd7 15. h3 Rad8 16. Bg5 Be7 17. Rad1 Qc7 18. Bf4 Qa5 19. a3 Nb8 20. Bd2 Qa6 21. Qf3 Nbd7 22.
Bf1 Qb6 23. Na4 Qc7 24. Bf4 Qc8 25. Nc3 Nf8 26. e5 Nd5 27. Nxd5 cxd5 28. Rxd5 Rxd5 29. Qxd5 Rd8 30. Qe4 Ne6 31. Be3 Bc5 32. Bg2 Bxe3 33. Qxe3 b6 34. Rc1 Qd7 35. h4 g6 36. Bh3 Qd2 37.
Qxd2 Rxd2 38. Bxe6 fxe6 39. Rc8+ Kg7 40. Rc7+ Kh6 41. b4 Rd3 42. Rxa7 Rd5 43. Ra6 Rxe5 44. Rxb6 1-0

[Event "*** Titled Tuesday Blitz"]
[Site "Chess.com"]
[Date "2019.03.05"]
[Round "3"]
[White "aridannie"]
[Black "calemcc"]
[Result "1-0"]
[WhiteElo "2365"]
[BlackElo "2231"]
[TimeControl "180+2"]
[EndTime "13:39:06 PST"]
[Termination "aridannie won by resignation"]

1. e4 e6 2. d4 d5 3. Nd2 Nc6 4.
Ngf3 Nf6 5. e5 Nd7 6. c4 Be7 7.
Bd3 f6 8. cxd5 exd5 9. exf6 Bxf6 10. Nb3 O-O 11. O-O Re8 12. Bf4 Nf8 13. h3 Be6 14.
Rc1 Rc8 15. Nc5 b6 16. Nb7 Qd7 17. Bb5 Bxh3 18. gxh3 Qxh3 19. Bxc6 Re4 20. Bg3 Rg4 21. Bxd5+ Kh8 22. Qe1 h5 23. Nh2 Rg5 24. Bg2 Qf5 25. Qe4 Qb5 26. Nd6 1-0

[Event "*** Titled Tuesday Blitz"]
[Site "Chess.com"]
[Date "2019.03.05"]
[Round "3"]
[White "HrvojeZagreb"]
[Black "CzechmVIII"]
[Result "0-1"]
[WhiteElo "2102"]
[BlackElo "2131"]
[TimeControl "180+2"]
[EndTime "13:39:13 PST"]
[Termination "CzechmVIII won by resignation"]

1. d4 Nf6 2. Bf4 c5 3. e3 Nd5 4.
Bg3 Qb6 5. b3 cxd4 6. Qxd4 Qxd4 7. exd4 e6 8. Kd2 g6 9. c3 Bh6+ 10. Kc2 Nf4 11. Ne2 Nxe2 12. Bxe2 d5 13. Be5 O-O 14.
h4 Nc6 15. Bd6 Rd8 16. Ba3 e5 17. dxe5 Nxe5 18. h5 Bf5+ 19. Kb2 Bg7 20. Nd2 Rac8 21. Rac1 Bd3 22. Bd1 Bf5 23. Be2 d4 24. cxd4 Nd3+ 25.
Bxd3 Bxd4+ 0-1

[Event "*** Titled Tuesday Blitz"]
[Site "Chess.com"]
[Date "2019.03.05"]
[Round "3"]
[White "DanielMieles1985"]
[Black "NateSolon"]
[Result "1-0"]
[WhiteElo "2585"]
[BlackElo "2569"]
[TimeControl "180+2"]
[EndTime "13:39:16 PST"]
[Termination "DanielMieles1985 won by resignation"]

1. d4 d5 2. c4 dxc4 3. Nf3 a6 4. e3 Bg4 5. Bxc4 e6 6. O-O Nc6 7. h3 Bh5 8. Nc3 Nf6 9. Be2 Bd6 10. Bd2 O-O 11.
Rc1 Qe8 12. Nh4 Bxe2 13. Qxe2 e5 14. d5 Ne7 15. e4 Ng6 16. Nf5 Bc5 17. g3 Ne7 18.
Be3 Bb4 19. Nxe7+ Qxe7 20. Qc4 Rac8 21. a3 Bxc3 22. Rxc3 Ne8 23. Bc5 Nd6 24. Qb4 Rfd8 25. Rfc1 Qd7 26. Bxd6 Qxd6 27. Qxd6 Rxd6 28. Rxc7 Rb8 29.
Rxb7 1-0

[Event "*** Titled Tuesday Blitz"]
[Site "Chess.com"]
[Date "2019.03.05"]
[Round "3"]
[White "LaughingTiger"]
[Black "dopolian"]
[Result "0-1"]
[WhiteElo "2146"]
[BlackElo "2178"]
[TimeControl "180+2"]
[EndTime "13:39:20 PST"]
[Termination "dopolian won by resignation"]

1. d4 Nf6 2. c4 c5 3. d5 e6 4.
Nc3 exd5 5. cxd5 d6 6. e3 g6 7. Nf3 Bg7 8. Be2 O-O 9. O-O Bg4 10. Nd2 Bxe2 11. Qxe2 Nbd7 12. Nc4 Nb6 13. Rd1 Nxc4 14. Qxc4 Nd7 15. b3 a6 16. Bb2 b5 17. Qe2 Re8 18. Rac1 f5 19. Nb1 Nf6 20. Bxf6 Qxf6 21. a4 Rab8 22. Na3 Qb2 23. Nc2 Qxb3 24. axb5 Qxb5 25. Qf3 Qb3 26. Qe2 a5 27. h4 a4 28. Rd3 Qc4 29.
g3 a3 30. Qd2 Bb2 31. Rd1 a2 32. Na1 Bxa1 33. Rxa1 Rb1+ 34. Kg2 Rxa1 35. Rc3 Rg1+ 36. Kxg1 a1=Q+ 37. Kg2 Qaxc3 0-1

[Event "*** Titled Tuesday Blitz"]
[Site "Chess.com"]
[Date "2019.03.05"]
[Round "3"]
[White "Vlad_Lukiianchuk"]
[Black "Keaton87"]
[Result "1-0"]
[WhiteElo "2627"]
[BlackElo "2544"]
[TimeControl "180+2"]
[EndTime "13:39:28 PST"]
[Termination "Vlad_Lukiianchuk won by resignation"]

1. d4 d5 2. Nf3 Nf6 3. c4 e6 4. e3 Be7 5. Nc3 O-O 6. Bd3 dxc4 7.
Bxc4 b6 8. O-O Ba6 9. Bxa6 Nxa6 10. e4 c5 11. Bg5 cxd4 12. Nxd4 Rc8 13. Ndb5 Rc5 14.
Be3 Rc4 15. Qe2 Rb4 16. a3 Rxe4 17. Nxe4 Nxe4 18. Nxa7 Nac5 19. Nc6 Qe8 20. Nxe7+ Qxe7 21. b4 Na4 22. Qc2 Nec3 23. Bd4 Rc8 24. Bxc3 Nxc3 25.
Rac1 Qc7 26. g3 Qc4 27. Rfe1 h5 28. Re3 1-0

[Event "*** Titled Tuesday Blitz"]
[Site "Chess.com"]
[Date "2019.03.05"]
[Round "3"]
[White "JosefineHeinemann"]
[Black "jocmil"]
[Result "0-1"]
[WhiteElo "2390"]
[BlackElo "2428"]
[TimeControl "180+2"]
[EndTime "13:39:30 PST"]
[Termination "jocmil won by resignation"]

1. e4 e6 2. d4 d5 3. Nd2 c5 4.
exd5 Qxd5 5. Ngf3 cxd4 6. Bc4 Qd6 7. O-O Nf6 8. Nb3 Nc6 9. Nbxd4 Nxd4 10. Nxd4 Qc7 11.
Bb3 a6 12. Re1 Bd7 13. c3 Be7 14. Bg5 O-O 15. Qf3 Nd5 16. Bxe7 Nxe7 17. Qg3 Qxg3 18.
hxg3 Rfd8 19. Rad1 Kf8 20. f4 Bc6 21. Nxc6 Nxc6 22. Kf2 Rxd1 23. Rxd1 Ke7 24. g4 Rd8 25. Rxd8 Kxd8 26. g5 Ke7 27. Bc2 h6 28. gxh6 gxh6 29.
g4 b6 30. Kg3 Kf6 31. Kh4 Ne7 32. b4 Nd5 33. g5+ hxg5+ 34. fxg5+ Ke7 35. Bd3 Nxc3 36. Bxa6 Nxa2 37. b5 Nc3 38. Kh5 e5 39. Kg4 Ke6 40. Bc8+ Ke7 41. Kf5 e4 42. Kf4 Nxb5 43. Bg4 Nd6 44.
Bd1 b5 45. Bb3 Kd7 46. Ba2 Kc6 47. Bb3 Kc5 48. Ba2 Kd4 49. Bxf7 Nxf7 50. g6 Nh6 51. Kg5 Ng8 52. g7 e3 53. Kg6 e2 54. Kf7 e1=Q 55.
Kxg8 b4 56. Kh8 Qh4+ 57. Kg8 b3 58. Kf8 Qf6+ 59. Kg8 b2 60. Kh8 b1=Q 61. Kg8 Qb8+ 0-1

[Event "*** Titled Tuesday Blitz"]
[Site "Chess.com"]
[Date "2019.03.05"]
[Round "3"]
[White "Koksik_13"]
[Black "Awentrap"]
[Result "1-0"]
[WhiteElo "2641"]
[BlackElo "2661"]
[TimeControl "180+2"]
[EndTime "13:39:32 PST"]
[Termination "Koksik_13 won by resignation"]

1. e4 c5 2. Nf3 e6 3. c3 Nf6 4.
e5 Nd5 5. d4 cxd4 6. cxd4 d6 7.
Bc4 Be7 8. O-O O-O 9. Qe2 Nc6 10. Rd1 Bd7 11. Bd2 Rc8 12. Nc3 Ncb4 13. a3 Nxc3 14. Bxc3 Nd5 15. Bxd5 exd5 16. h3 Re8 17. Rac1 Ba4 18.
Re1 Bf8 19. Qd2 b6 20. Bb4 Qd7 21. Bxd6 Bxd6 22. exd6 Qxd6 23. Rxe8+ Rxe8 24. Ne5 f6 25. Nd3 Bb5 26. Re1 Rxe1+ 27. Nxe1 Qe6 28. Nc2 Kf7 29.
Ne3 Qc6 30. b3 a5 31. a4 Ba6 32. Qd1 g6 33. Qf3 Bb7 34. Ng4 Qe6 35. Qf4 h5 36.
Qc7+ Ke8 37. Qb8+ Bc8 38. Nxf6+ Qxf6 39. Qxc8+ Kf7 40. Qb7+ 1-0

[Event "*** Titled Tuesday Blitz"]
[Site "Chess.com"]
[Date "2019.03.05"]
[Round "3"]
[White "Walter_White_Poland"]
[Black "nochewycandy"]
[Result "0-1"]
[WhiteElo "2201"]
[BlackElo "2378"]
[TimeControl "180+2"]
[EndTime "13:39:32 PST"]
[Termination "nochewycandy won by checkmate"]

1. e4 g6 2. d4 Bg7 3. Nc3 d6 4. f4 a6 5. Nf3 b5 6. e5 Nd7 7. Ne4 Nh6 8. a4 b4 9. Bd3 O-O 10. O-O Bb7 11. Bd2 c5 12. exd6 Nf5 13. dxc5 exd6 14. Nxd6 Nxd6 15. cxd6 Nc5 16. Bc4 Ne4 17. Ne5 Qb6+ 18. Kh1 Nf2+ 19. Rxf2 Qxf2 20. Qe2 Bxg2# 0-1

[Event "*** Titled Tuesday Blitz"]
[Site "Chess.com"]
[Date "2019.03.05"]
[Round "3"]
[White "BIG_Pirate"]
[Black "HindsightIs2700"]
[Result "1-0"]
[WhiteElo "2368"]
[BlackElo "2299"]
[TimeControl "180+2"]
[EndTime "13:39:34 PST"]
[Termination "BIG_Pirate won by checkmate"]

1. Nf3 c5 2. c4 Nf6 3. Nc3 e6 4.
g3 b6 5. Bg2 Bb7 6. O-O Be7 7.
d4 cxd4 8. Qxd4 d6 9. Rd1 a6 10. b3 Nbd7 11. e4 O-O 12. Ba3 Nc5 13. e5 dxe5 14.
Qxd8 Rfxd8 15. Nxe5 Bxg2 16. Kxg2 Bf8 17. Bxc5 Bxc5 18.
Na4 Bd4 19. Nc6 Bxa1 20. Nxd8 b5 21. Nb6 Rb8 22. Nc6 Rf8 23. Rxa1 Ne4 24. cxb5 axb5 25. a4 bxa4 26. bxa4 Nc5 27. a5 h5 28. a6 h4 29.
gxh4 g5 30. hxg5 f6 31. a7 fxg5 32. a8=Q Ne4 33. Ne7+ Kf7 34. Qxe4 Kxe7 35. Ra7+ Kf6 36. Nd7+ Ke7 37. Nxf8+ Kxf8 38. Qa8# 1-0

[Event "*** Titled Tuesday Blitz"]
[Site "Chess.com"]
[Date "2019.03.05"]
[Round "3"]
[White "chesstatour"]
[Black "j2806"]
[Result "1-0"]
[WhiteElo "2016"]
[BlackElo "1806"]
[TimeControl "180+2"]
[EndTime "13:39:34 PST"]
[Termination "chesstatour won by resignation"]

1. c4 Nf6 2. Nc3 e6 3. e4 d5 4.
e5 Ne4 5. Nxe4 dxe4 6. Qg4 Qd4 7. Nf3 h5 8. Qf4 Qc5 9. Qxe4 Nc6 10. Be2 b6 11. O-O Bb7 12. d4 Qb4 13. a3 Qa4 14. Qe3 O-O-O 15. b3 Qa5 16. Bd2 Qa6 17. c5 b5 18. a4 1-0

[Event "*** Titled Tuesday Blitz"]
[Site "Chess.com"]
[Date "2019.03.05"]
[Round "3"]
[White "Zarikovs1999"]
[Black "PocketPivot"]
[Result "0-1"]
[WhiteElo "2296"]
[BlackElo "2484"]
[TimeControl "180+2"]
[EndTime "13:39:40 PST"]
[Termination "PocketPivot won on time"]

1. Nf3 Nf6 2. b3 g6 3. Bb2 Bg7 4. e3 b6 5. c4 Bb7 6. Nc3 c5 7. g3 O-O 8. Bg2 e6 9. O-O Na6 10. d4 Qe7 11. Qe2 Ne4 12. Nxe4 Bxe4 13. Nd2 Bxg2 14.
Kxg2 d6 15. Nf3 Rfd8 16. Rad1 Nb4 17. dxc5 dxc5 18. Bxg7 Kxg7 19. a3 Nc6 20. Qb2+ Qf6 21. Qxf6+ Kxf6 22. Nd2 Ke7 23. Ne4 Na5 24. b4 cxb4 25.
axb4 Nxc4 26. Rc1 Rac8 27. Kf3 f5 0-1

[Event "*** Titled Tuesday Blitz"]
[Site "Chess.com"]
[Date "2019.03.05"]
[Round "3"]
[White "toog"]
[Black "PotapovaM"]
[Result "0-1"]
[WhiteElo "2249"]
[BlackElo "2417"]
[TimeControl "180+2"]
[EndTime "13:39:40 PST"]
[Termination "PotapovaM won by resignation"]

1. e4 c5 2. Nf3 d6 3. d4 cxd4 4. Nxd4 Nf6 5. Nc3 a6 6. Bg5 e6 7. f4 h6 8. Bh4 Qb6 9. a3 Be7 10. Bf2 Qc7 11. Qf3 Nbd7 12. O-O-O b5 13. g4 Bb7 14. h4 d5 15. Bd3 Bxa3 16. Ndxb5 axb5 17. Nxb5 Bxb2+ 18. Kxb2 Qa5 19. Be1 Qa2+ 20. Kc1 O-O 21. e5 Ne4 22. Bxe4 dxe4 23. Qb3 Qxb3 24. cxb3 Ra1+ 25.
Kd2 e3+ 0-1

[Event "*** Titled Tuesday Blitz"]
[Site "Chess.com"]
[Date "2019.03.05"]
[Round "3"]
[White "ShadyH9"]
[Black "PchelkinVK"]
[Result "0-1"]
[WhiteElo "2291"]
[BlackElo "2586"]
[TimeControl "180+2"]
[EndTime "13:39:46 PST"]
[Termination "PchelkinVK won by resignation"]

1. d4 e5 2. e3 Nc6 3. dxe5 Nxe5 4. Nd2 Nf6 5. Ngf3 Ng6 6. b3 d5 7. Bb2 Bd6 8. Be2 Qe7 9. c4 Bg4 10. h3 Bxf3 11. Nxf3 Bb4+ 12. Kf1 O-O-O 13. Qc2 Ne4 14.
a3 Bd6 15. cxd5 Rhe8 16. Nd4 Nxf2 17. Nf5 Qe4 18. Rc1 Qxc2 19. Rxc2 Nxh1 20. Bxg7 Ng3+ 21.
Nxg3 Bxg3 22. Bg4+ 0-1

[Event "*** Titled Tuesday Blitz"]
[Site "Chess.com"]
[Date "2019.03.05"]
[Round "3"]
[White "XiaoKangZhong"]
[Black "MaxiAMueller"]
[Result "1-0"]
[WhiteElo "2102"]
[BlackElo "2026"]
[TimeControl "180+2"]
[EndTime "13:39:52 PST"]
[Termination "XiaoKangZhong won on time"]

1. e4 c5 2. Nf3 d6 3. Bb5+ Bd7 4. Bxd7+ Qxd7 5. O-O Nc6 6. c3 g6 7. Qe2 Bg7 8. Rd1 e6 9. d4 cxd4 10. cxd4 Nge7 11. Nc3 d5 12. e5 O-O 13. Bg5 Rfc8 14. Qe3 Na5 15. Qf4 Nc4 16. Rab1 Nxb2 17. Rxb2 Rxc3 18. Bf6 Bxf6 19. exf6 Nf5 20. g4 Qd6 21. Ne5 Rac8 22. gxf5 exf5 23. Qh4 b6 24. Nd7 Rc1 25.
Rd2 Rxd1+ 26. Rxd1 1-0

[Event "*** Titled Tuesday Blitz"]
[Site "Chess.com"]
[Date "2019.03.05"]
[Round "3"]
[White "Caterpiller35"]
[Black "VeraNebolsina"]
[Result "1-0"]
[WhiteElo "2336"]
[BlackElo "2343"]
[TimeControl "180+2"]
[EndTime "13:40:03 PST"]
[Termination "Caterpiller35 won by resignation"]

1. d4 Nf6 2. Bg5 d5 3. e3 c5 4.
Bxf6 gxf6 5. dxc5 e6 6. Nc3 Bxc5 7. g3 Bd7 8. Bg2 Qb6 9. Nge2 a5 10. O-O Na6 11. b3 Nc7 12. e4 d4 13. Na4 Bxa4 14.
bxa4 e5 15. Rb1 Qc6 16. c3 Rd8 17. cxd4 Bxd4 18. Qb3 Ne6 19. Rfc1 Qa6 20. Bf1 Qa7 21. Qf3 Ng5 22. Qxf6 Nxe4 23. Qxh8+ Ke7 24. Qxh7 Bxf2+ 25. Kh1 Bxg3 26. Qxe4 1-0

[Event "*** Titled Tuesday Blitz"]
[Site "Chess.com"]
[Date "2019.03.05"]
[Round "3"]
[White "Alexey_Potapov"]
[Black "GadimbayliA"]
[Result "1-0"]
[WhiteElo "2721"]
[BlackElo "2846"]
[TimeControl "180+2"]
[EndTime "13:40:08 PST"]
[Termination "Alexey_Potapov won by resignation"]

1. c4 e5 2. Nc3 Nf6 3. g3 d5 4. cxd5 Nxd5 5. Bg2 Nb6 6. Nf3 Nc6 7. O-O Be7 8. d3 O-O 9. a3 Be6 10. b4 a5 11. b5 Nd4 12. Nd2 c6 13. bxc6 Nxc6 14. Rb1 f6 15. Nc4 Nxc4 16. dxc4 Qc8 17. Nd5 Rd8 18. Be3 Bxd5 19. cxd5 Nd4 20. Bxd4 exd4 21. d6 Bxd6 22. Bxb7 Qc5 23. Qb3+ Kh8 24. Bxa8 Rxa8 25.
a4 Qe5 26. Qb5 Re8 27. Rfd1 Bb4 28. Qxe5 fxe5 29. e3 Rd8 30. exd4 exd4 31. Rbc1 g6 32. Rd3 Be7 33. Rc7 Bf6 34. Rf7 Rd6 35. Kf1 Kg8 36. Ra7 Bd8 37. Ke2 1-0

[Event "*** Titled Tuesday Blitz"]
[Site "Chess.com"]
[Date "2019.03.05"]
[Round "3"]
[White "BigAl"]
[Black "leoo2001"]
[Result "0-1"]
[WhiteElo "2489"]
[BlackElo "2691"]
[TimeControl "180+2"]
[EndTime "13:40:11 PST"]
[Termination "leoo2001 won by resignation"]

1. e4 e5 2. Bc4 Nf6 3. d3 c6 4. Nf3 d5 5. Bb3 Bd6 6. Nc3 d4 7.
Ne2 O-O 8. c3 c5 9. Ng3 Nc6 10.
O-O h6 11. h3 Re8 12. Nh4 a6 13. Nhf5 Bf8 14. Qf3 Be6 15. Bxe6 Rxe6 16. cxd4 cxd4 17.
Bd2 Rc8 18. Rac1 Nd7 19. Qe2 Nc5 20. Rc2 a5 21. Rfc1 b6 22. b3 Rc7 23. Nf1 Nb4 24. Bxb4 axb4 25. Nd2 g6 26. Ng3 h5 27. Ngf1 Bh6 28. Rd1 Rec6 29. Rc4 Ne6 30. Rxb4 Rc2 31. Rxb6 Nf4 32. Qf3 R7c3 33. Nc4 Rxc4 34. bxc4 Qxb6 35.
g3 Nxh3+ 36. Kh2 Rxf2+ 0-1

[Event "*** Titled Tuesday Blitz"]
[Site "Chess.com"]
[Date "2019.03.05"]
[Round "3"]
[White "Al_Shima"]
[Black "StephenDedalus83"]
[Result "0-1"]
[WhiteElo "2443"]
[BlackElo "2701"]
[TimeControl "180+2"]
[EndTime "13:40:17 PST"]
[Termination "StephenDedalus83 won by resignation"]

1. b3 d5 2. Bb2 c5 3. e3 a6 4. g3 Nc6 5. Bg2 e5 6. d3 Be6 7. Nd2 Qd7 8. h3 f6 9. a3 Nge7 10. Ne2 h5 11. h4 g6 12. e4 d4 13. O-O Bh6 14. Bc1 O-O 15. Nc4 Bxc1 16. Qxc1 Bxc4 17. bxc4 Kg7 18. Kh2 b5 19. Bh3 Qd6 20.
cxb5 axb5 21. f4 c4 22. f5 Ra6 23. fxg6 Rfa8 24. g4 hxg4 25. Bxg4 Rxa3 26. Rxa3 Qxa3 27. Qd1 cxd3 28. cxd3 Nb4 29. Nc1 Qb2+ 30. Kh1 Nxg6 31. Qf3 Nf4 32. Qg3 Kf7 33. Ne2 Nbxd3 34. Bh5+ Nxh5 35.
Qxd3 Ra2 36. Qh3 Qxe2 37. Qd7+ Kg6 38. Qe8+ Kh7 0-1

[Event "*** Titled Tuesday Blitz"]
[Site "Chess.com"]
[Date "2019.03.05"]
[Round "3"]
[White "Karina_Oparina"]
[Black "Blagorod"]
[Result "0-1"]
[WhiteElo "2162"]
[BlackElo "2144"]
[TimeControl "180+2"]
[EndTime "13:40:17 PST"]
[Termination "Blagorod won on time"]

1. Nf3 Nc6 2. g3 e5 3. d3 Nf6 4.
Bg2 d6 5. c4 g6 6. O-O Bg7 7.
Nc3 O-O 8. Rb1 h6 9. b4 Rb8 10.
b5 Ne7 11. a4 Be6 12. h3 Qd7 13. Kh2 e4 14. Nd4 exd3 15. Qxd3 Nf5 16. Nxe6 Qxe6 17.
Bb2 h5 18. Nd5 Nxd5 19. Bxd5 Qe7 20. Bxg7 Kxg7 21. e4 Nh6 22. Qd4+ Qe5 23. Qxe5+ dxe5 24. c5 Rfd8 25. Rfd1 Ng8 26. Bc4 Nf6 0-1

[Event "*** Titled Tuesday Blitz"]
[Site "Chess.com"]
[Date "2019.03.05"]
[Round "3"]
[White "Gabrielian_Artur"]
[Black "Dyadya81"]
[Result "1-0"]
[WhiteElo "2744"]
[BlackElo "2764"]
[TimeControl "180+2"]
[EndTime "13:40:24 PST"]
[Termination "Gabrielian_Artur won by checkmate"]

1. e4 c6 2. d4 d5 3. Nd2 dxe4 4. Nxe4 Bf5 5. Ng3 Bg6 6. c3 Nf6 7. Nh3 Nbd7 8. Nf4 e5 9. Nxg6 hxg6 10. Be2 Bd6 11.
O-O Qc7 12. dxe5 Nxe5 13. Qa4 b5 14. Qd4 O-O-O 15. a4 Nf3+ 16. Bxf3 Bxg3 17. fxg3 Rxd4 18. cxd4 b4 19. Bf4 Qb6 20. Rac1 Qxd4+ 21. Kh1 Ne4 22. Rxc6+ Kd7 23. Rc7+ Kd8 24. Bxe4 g5 25. Rcc1 Qxb2 26. Bxg5+ f6 27. Bf4 Rh5 28. Rfd1+ Ke7 29. Rc7+ Kf8 30. Rd8# 1-0

[Event "*** Titled Tuesday Blitz"]
[Site "Chess.com"]
[Date "2019.03.05"]
[Round "3"]
[White "Svet99"]
[Black "Orest_Vovk"]
[Result "0-1"]
[WhiteElo "2144"]
[BlackElo "2148"]
[TimeControl "180+2"]
[EndTime "13:40:24 PST"]
[Termination "Orest_Vovk won by resignation"]

1. Nf3 h6 2. d4 g5 3. h4 g4 4. Ne5 d6 5. Nd3 Bg7 6. c3 Bf5 7. Be3 Nf6 8. Nd2 Nd5 9. Qb3 e6 10. c4 Nxe3 11. fxe3 b6 12. g3 Nd7 13. Bg2 Rc8 14. O-O O-O 15. Nb4 Nb8 16. Nc6 Nxc6 17. Bxc6 Qe7 18. Kh2 Bg6 19. Qb5 e5 20. Rae1 exd4 21.
exd4 Bxd4 22. e3 Be5 23. Kg2 f5 24. h5 Bxh5 25. Bd7 Rcd8 26. Bxf5 Qg5 27. Ne4 Qg7 28.
Be6+ Kh8 29. Rh1 Be8 30. Qd5 Rf3 31. Ref1 c6 32. Qd1 Bg6 33. Bxg4 Bxe4 34. Rxf3 Qxg4 35.
Rxh6+ Kg7 36. Rh4 Qxg3+ 37. Kf1 0-1

[Event "*** Titled Tuesday Blitz"]
[Site "Chess.com"]
[Date "2019.03.05"]
[Round "3"]
[White "Fivetrick"]
[Black "LLRChess"]
[Result "0-1"]
[WhiteElo "2462"]
[BlackElo "2310"]
[TimeControl "180+2"]
[EndTime "13:40:26 PST"]
[Termination "LLRChess won on time"]

1. e4 d5 2. exd5 Qxd5 3. Nc3 Qa5 4. d4 Nf6 5. Nf3 c6 6. Bc4 Bf5 7. Qe2 e6 8. Bd2 Qc7 9. Ne5 Bd6 10. Bf4 Nbd7 11.
O-O O-O 12. h3 Nd5 13. Nxd5 exd5 14. Bd3 Bxd3 15. Qxd3 Nxe5 16. dxe5 Bxe5 17. Bxe5 Qxe5 18. c3 Rfe8 19. Qd2 Qe2 20. Qd4 b6 21. b3 Re4 22.
Qd1 Rae8 23. Qc1 Qd3 24. Rd1 Qe2 25. Rf1 Qh5 26. Qa3 a5 27. Qd6 R4e6 28. Qc7 Rg6 29. Kh1 Qg5 30. Rg1 c5 31. Rae1 Qd8 32. Rxe8+ Qxe8 33. Qxb6 Rxb6 0-1

[Event "*** Titled Tuesday Blitz"]
[Site "Chess.com"]
[Date "2019.03.05"]
[Round "3"]
[White "WPWPWP-2015"]
[Black "IIIlllII1llIl"]
[Result "0-1"]
[WhiteElo "2397"]
[BlackElo "2575"]
[TimeControl "180+2"]
[EndTime "13:40:28 PST"]
[Termination "IIIlllII1llIl won by resignation"]

1. e4 c5 2. Nf3 d6 3. d4 cxd4 4. Nxd4 Nf6 5. Nc3 a6 6. h3 e5 7. Nde2 h5 8. Nd5 Nxe4 9. Be3 Nd7 10. g3 Nef6 11. Nec3 Be7 12. Bg2 h4 13. g4 O-O 14. Qd2 Nxd5 15. Nxd5 Nc5 16. O-O-O Be6 17. Nxe7+ Qxe7 18. Qxd6 Qxd6 19. Rxd6 Rac8 20. b3 b5 21. Bc6 Rxc6 22. Rxc6 Bd5 23. Rxc5 Bxh1 24. Rxe5 f6 25. Rh5 g6 26. Rd5 Bxd5 27. c3 Bg2 28. f3 Bxh3 29. Bf2 g5 30. Kd2 Bg2 31. Ke2 Re8+ 32. Be3 h3 33. Kf2 Rxe3 0-1

[Event "*** Titled Tuesday Blitz"]
[Site "Chess.com"]
[Date "2019.03.05"]
[Round "3"]
[White "wanyaland"]
[Black "017290"]
[Result "1/2-1/2"]
[WhiteElo "2107"]
[BlackElo "2165"]
[TimeControl "180+2"]
[EndTime "13:40:28 PST"]
[Termination "Game drawn - insufficient material"]

1. d4 Nf6 2. c4 e6 3. Nf3 d5 4. g3 Be7 5. Bg2 O-O 6. O-O b6 7. Nbd2 Bb7 8. Qc2 Nbd7 9. Ne5 Rc8 10. cxd5 Nxe5 11. dxe5 Nxd5 12. Rd1 Nb4 13. Qb3 Bxg2 14. Kxg2 Qd5+ 15. Qxd5 Nxd5 16. Nc4 Rfd8 17. Bd2 a5 18. e4 Nb4 19. Bxb4 Bxb4 20. a3 Be7 21. f4 Kf8 22.
Kf3 Bc5 23. Rac1 Ke7 24. a4 Bb4 25. b3 Rxd1 26. Rxd1 Rd8 27. Rxd8 Kxd8 28. f5 Kd7 29. g4 Bc3 30. Kf4 Kc6 31. g5 Kc5 32. h4 b5 33.
axb5 a4 34. bxa4 Kxc4 35. h5 Kb3 36. g6 hxg6 37. hxg6 Bd2+ 38. Kg4 exf5+ 39. Kxf5 fxg6+ 40. Kxg6 Kxa4 41. e6 Bb4 42. Kxg7 Kxb5 43. Kf7 Kc4 44. Ke8 Kd4 45. Kd7 Kxe4 46. Kxc7 Kf5 47. Kd7 Kf6 48. e7 Bxe7 1/2-1/2

[Event "*** Titled Tuesday Blitz"]
[Site "Chess.com"]
[Date "2019.03.05"]
[Round "3"]
[White "penguingm1"]
[Black "Vamostodorecto"]
[Result "1-0"]
[WhiteElo "2887"]
[BlackElo "2519"]
[TimeControl "180+2"]
[EndTime "13:40:29 PST"]
[Termination "penguingm1 won by resignation"]

1. d4 d5 2. Bf4 e6 3. e3 Bd6 4.
Nf3 Nf6 5. Nbd2 c5 6. c3 Nc6 7. Bg3 b6 8. Bd3 Bb7 9. Qe2 Qc7 10. dxc5 bxc5 11. e4 Bxg3 12. hxg3 O-O-O 13. O-O Ng4 14. exd5 exd5 15. Bf5+ Kb8 16. Bxg4 h5 17. Bh3 f6 18. Rfe1 g5 19. Be6 h4 20. gxh4 gxh4 21. Bh3 Rdg8 22. Kh1 Bc8 23. Bxc8 Qxc8 24. Qe6 Qc7 25.
Qxd5 h3 26. g3 Ne7 27. Qb3+ Ka8 28. Qe6 Ng6 29. Re4 Qb7 30. Rae1 Ne5 31. Nxe5 fxe5 32. c4 Rd8 33. Nb3 Rhf8 34. Nxc5 Qc7 35. Qxe5 Qxe5 36.
Rxe5 Rxf2 37. Re8 1-0

[Event "*** Titled Tuesday Blitz"]
[Site "Chess.com"]
[Date "2019.03.05"]
[Round "3"]
[White "jmduque"]
[Black "quesfr"]
[Result "1-0"]
[WhiteElo "2363"]
[BlackElo "2224"]
[TimeControl "180+2"]
[EndTime "13:40:30 PST"]
[Termination "jmduque won by checkmate"]

1. e4 e6 2. d4 d5 3. Nc3 Nc6 4. Nf3 Nf6 5. Bd3 Bb4 6. e5 Ne4 7. O-O Nxc3 8. bxc3 Bxc3 9. Rb1 h6 10. Be3 Qe7 11. Rb3 Ba5 12. h4 Bb6 13. c3 Bd7 14. Qd2 Na5 15. Rbb1 c5 16. dxc5 Bxc5 17. Nd4 Qxh4 18.
f4 a6 19. f5 Bxd4 20. cxd4 Nc6 21. Rxb7 Bc8 22. Rc7 Nxd4 23. Rf4 Qd8 24. Rxc8 Qxc8 25. Bxd4 exf5 26. Bxf5 Qb7 27. e6 fxe6 28. Bg6+ Kd8 29.
Rf7 Qb5 30. Qf4 Qb4 31. Qc7+ Ke8 32. Qd7# 1-0

[Event "*** Titled Tuesday Blitz"]
[Site "Chess.com"]
[Date "2019.03.05"]
[Round "3"]
[White "fish7728"]
[Black "jamengrand"]
[Result "0-1"]
[WhiteElo "2250"]
[BlackElo "2170"]
[TimeControl "180+2"]
[EndTime "13:40:31 PST"]
[Termination "jamengrand won by resignation"]

1. d4 Nf6 2. c4 e6 3. Nc3 Bb4 4. f3 d5 5. a3 Be7 6. e4 O-O 7.
e5 Ne8 8. c5 f6 9. f4 fxe5 10. fxe5 b6 11. b4 bxc5 12. bxc5 Ba6 13. Bxa6 Bh4+ 14. g3 Nxa6 15. Nf3 Be7 16. O-O c6 17.
Be3 Qd7 18. Rb1 Nec7 19. a4 Rab8 20. Qd2 Rxb1 21. Rxb1 Rxf3 22. Bf4 Nxc5 23. dxc5 Bxc5+ 24. Kg2 Rf2+ 25. Qxf2 Bxf2 26. Rb8+ Kf7 27. Kxf2 Na6 28. Rb2 Nc5 29. Kg2 d4 30. Nd1 Qd5+ 31. Kh3 Qf3 32. Rf2 Qxd1 33. Bg5+ Kg6 34. Bf4 Ne4 0-1

[Event "*** Titled Tuesday Blitz"]
[Site "Chess.com"]
[Date "2019.03.05"]
[Round "3"]
[White "AvitalBor"]
[Black "Cryptochess"]
[Result "1-0"]
[WhiteElo "2651"]
[BlackElo "2537"]
[TimeControl "180+2"]
[EndTime "13:40:33 PST"]
[Termination "AvitalBor won on time"]

1. Nf3 Nf6 2. c4 e6 3. Nc3 d5 4. e3 Be7 5. b3 O-O 6. Bb2 b6 7. cxd5 exd5 8. d4 Re8 9. Be2 Bb7 10. O-O Nbd7 11. Rc1 a6 12. Qc2 Bd6 13. Rfd1 Qe7 14. h3 Ne4 15. Nxe4 dxe4 16. Nd2 Qg5 17. Nc4 Bf8 18. Ne5 Nxe5 19. dxe5 c5 20. Bc4 Rad8 21. a4 Rxd1+ 22. Rxd1 Rd8 23. Rd2 Qe7 24. Qd1 Rxd2 25.
Qxd2 g6 26. Qe2 a5 27. Qg4 Bg7 28. Qf4 h6 29. e6 Bxb2 30. exf7+ Kg7 31. Qb8 1-0

[Event "*** Titled Tuesday Blitz"]
[Site "Chess.com"]
[Date "2019.03.05"]
[Round "3"]
[White "1995Tiger"]
[Black "FearNoEvil12"]
[Result "1-0"]
[WhiteElo "1935"]
[BlackElo "1934"]
[TimeControl "180+2"]
[EndTime "13:40:33 PST"]
[Termination "1995Tiger won by resignation"]

1. d4 b5 2. e4 a6 3. Nf3 Bb7 4.
Bd3 e6 5. O-O Nf6 6. e5 Nd5 7.
c3 d6 8. Nbd2 Nd7 9. Ne4 h6 10.
Re1 g5 11. a4 bxa4 12. Qxa4 g4 13. Nfd2 Nb6 14. Qd1 dxe5 15. Qxg4 Qe7 16. Qh5 O-O-O 17. dxe5 Rg8 18. Bxa6 f5 19. exf6 Nxf6 20. Bxb7+ Kxb7 21. Qb5 Nd5 22. Nb3 Qg7 23. Nbc5+ Bxc5 24. Nxc5+ Kb8 25. Ra8+ 1-0